 Dungeon Crawl Stone Soup version 0.27-a0-1612-gde56a17b89 (webtiles) character file.

Game seed: 3596972964902422396

67506 dolemite99 the Nimble (level 14, -8/124 HPs)
             Began as a Minotaur Brigand on July 22, 2021.
             Was the Champion of Yredelemnul.
             Mangled by an orc knight (28 damage)
             ... on level 2 of the Orcish Mines.
             The game lasted 00:46:41 (29457 turns).

dolemite99 the Nimble (Minotaur Brigand)           Turns: 29457, Time: 00:46:41

Health: -8/124     AC: 22    Str: 21    XL:     14   Next: 83%
Magic:  0/19       EV: 12    Int:  8    God:    Yredelemnul [******]
Gold:   1641       SH: 13    Dex: 12    Spells: 9/13 levels left

rFire    + . .     SeeInvis +   a - +6 scimitar (flame)
rCold    . . .     Faith    .   T - +0 kite shield {reflect}
rNeg     . . .     Spirit   +   l - +0 chain mail {rF+}
rPois    .         Reflect  +   (helmet restricted)
rElec    .         Harm     .   n - +2 cloak
rCorr    +         Rampage  .   G - +2 pair of gloves
Will     +....                  U - +2 pair of boots
Stlth    ..........             S - amulet of guardian spirit
HPRegen  0.30/turn              D - ring of resist corrosion
MPRegen  0.16/turn              M - ring of see invisible

@: no status effects
A: horns 2, retaliatory headbutt
a: Renounce Religion, Recall Undead Slaves, Injury Mirror, Animate Dead, Drain
Life, Enslave Soul


You were on level 2 of the Orcish Mines.
You worshipped Yredelemnul.
Yredelemnul was exalted by your worship.
You visited 3 branches of the dungeon, and saw 22 of its levels.

You collected 2199 gold pieces.
You spent 558 gold pieces at shops.

Inventory:

Hand Weapons
 a - a +6 scimitar of flaming (weapon)
 b - a +4 rapier of venom
 d - the +9 short sword "Hottifuh" {venom, rElec}
   (You found it on level 3 of the Lair of Beasts)

   It poisons the flesh of those it strikes.
   rElec:     It insulates you from electricity.
 w - the +2 falchion "Spider's Demise" {flame, Will+}
   (You found it on level 10 of the Dungeon)

   It burns those it strikes, dealing additional fire damage.
   Big, fiery blades are also staple armaments of hydra-hunters.
   Will:      It increases your willpower.
Missiles
 e - 17 boomerangs
 f - 94 sling bullets
 j - 721 stones
 v - 56 poisoned darts (quivered)
 y - 9 javelins
 F - 10 atropa-tipped darts
 L - a throwing net
 Q - 16 curare-tipped darts
Armour
 l - a +0 chain mail of fire resistance (worn)
 n - a +2 cloak (worn)
 G - a +2 pair of gloves (worn)
 T - a +0 kite shield of reflection (worn)
 U - a +2 pair of boots (worn)
Jewellery
 i - a ring of positive energy
 u - a ring of wizardry
 D - a ring of resist corrosion (left hand)
 M - a ring of see invisible (right hand)
 S - an amulet of guardian spirit (around neck)
 W - a ring of ice
Wands
 k - a wand of flame (65)
 m - a wand of digging (8)
 r - a wand of paralysis (8)
 t - a wand of iceblast (5)
 x - a wand of mindburst (17)
Scrolls
 h - 4 scrolls of vulnerability
 o - 5 scrolls of blinking
 K - 8 scrolls of teleportation
 P - 4 scrolls of identify {@r1}
 Y - a scroll of fog
Potions
 c - 5 potions of flight
 g - 4 potions of brilliance
 s - 4 potions of attraction
 z - 7 potions of curing
 B - 3 potions of berserk rage {unknown}
 O - 2 potions of invisibility
 R - 3 potions of heal wounds
 V - 2 potions of haste


   Skills:
 - Level 11.0 Fighting
 - Level 10.0(11.8) Short Blades
 - Level 11.1(12.8) Long Blades
 - Level 4.0 Bows
 - Level 6.4 Throwing
 - Level 10.9 Armour
 - Level 14.6 Dodging
 - Level 3.2 Stealth
 - Level 12.2 Shields
 + Level 8.3 Invocations
 - Level 7.3 Evocations


You had 9 spell levels left.
You knew the following spells:

 Your Spells              Type           Power      Damage    Failure   Level
a - Passwall              Tmut/Erth      0%         N/A       99%         2
b - Wereblood             Tmut           0%         N/A       99%         2

Your spell library contained the following spells:

 Spells                   Type           Power      Damage    Failure   Level
 Summon Small Mammal      Summ           0%         N/A       98%         1
 Sublimation of Blood     Necr           0%         N/A       99%         2
 Call Canine Familiar     Summ           0%         N/A       100%        3
 Gell's Gravitas          Tloc           0%         N/A       100%        3
 Inner Flame              Hex/Fire       0%         N/A       100%        3
 Lesser Beckoning         Tloc           0%         N/A       100%        3
 Ozocubu's Armour         Ice            0%         N/A       100%        3
 Stone Arrow              Conj/Erth      0%         3d7       100%        3
 Summon Guardian Golem    Hex/Summ       0%         N/A       100%        3
 Swiftness                Air            0%         N/A       100%        3
 Teleport Other           Tloc           0%         N/A       100%        3
 Airstrike                Air            0%         N/A       100%        4
 Cause Fear               Hex            0%         N/A       100%        4
 Summon Lightning Spire   Summ/Air       0%         N/A       100%        4
 Bolt of Magma            Conj/Fire/Erth 0%         4d4       100%        5
 Lightning Bolt           Conj/Air       0%         1d11      100%        5
 Summon Forest            Summ/Tloc      0%         N/A       100%        5
 Summon Mana Viper        Hex/Summ       0%         N/A       100%        5
 Invisibility             Hex            0%         N/A       100%        6
 Shadow Creatures         Summ           N/A        N/A       100%        6
 Orb of Destruction       Conj           0%         N/A       100%        7
 Ozocubu's Refrigeration  Ice            0%         4d5       100%        7
 Spellforged Servitor     Conj/Summ      0%         N/A       100%        7
 Summon Hydra             Summ           0%         N/A       100%        7
 Discord                  Hex            0%         N/A       100%        8
 Shatter                  Erth           0%         3d5*      100%        9


Dungeon Overview and Level Annotations

Branches:
Dungeon (14/15)            Temple (0/1) D:6            Lair (6/6) D:10
 Shoals (0/4) Lair:3        Snake (0/4) Lair:2        Slime (0/5) Lair:5
    Orc (2/2) D:9             Elf (0/3) Orc:2        Vaults (0/5) D:13

Altars:
Cheibriados
Dithmenos
Elyvilon
Fedhas
Hepliaklqana
Makhleb
Okawaru
Ru
Trog
Uskayaw
Vehumet
Wu Jian
Xom
Yredelemnul
Beogh

Shops:
D:2 *[   D:7 *   D:10 (   Orc:1 :

Portals:
Abyss: D:11

Annotations:
D:2 exclusion: downstairs
D:3 3 runed translucent doors, pkoi's ghost, amateur TrMo
D:11 2 transporters
Lair:1 exclusion: downstairs
Lair:4 3 runed translucent doors, Fiha's ghost, journeyman VSTm


Innate Abilities, Weirdness & Mutations

You have a pair of horns on your head.
You reflexively headbutt those who attack you in melee.


Message History

There is a stone staircase leading up, spattered with blood here.
Aiming: Paralyse
Press: ? - help, Shift-Dir - straight line, f - orc warrior
Aim: an orc warrior, wielding a +0 flail and wearing a +0 chain mail (lightly wounded, strong, chance to affect: 67%)
The orc warrior struggles to resist.
The orc warrior barely misses you.
You riposte.
You slice the orc warrior!! You burn the orc warrior!
You kill the orc warrior!
Yredelemnul accepts your kill.
The orc knight roars a battlecry!
The orc goes into a battle-frenzy!
Your orc warrior zombie barely misses the orc.
The orc barely misses you.
You climb upwards.
Your orc priest zombie hits the orc with a +2 whip of draining.
The orc dies!
Yredelemnul accepts your kill.
There is a stone staircase leading down here.
You are too injured to fight recklessly!
You are too injured to fight recklessly!
You begin recalling your allies.
Your troll zombie is recalled.
Your orc warrior zombie is recalled.
Your orc warrior zombie is recalled.
You finish recalling your allies.
You climb downwards.
Your mindless thralls stay behind.
The orc closely misses you.
The orc knight hits you with a +0 dire flail!!
Your orc warrior zombie closely misses the orc knight.
The orc hits you but does no damage.
The orc knight hits you with a +1 great sword!!
* * * LOW HITPOINT WARNING * * *
You block the orc's attack. You block the orc knight's attack.
There is a stone staircase leading up, spattered with blood here.
Your orc warrior zombie closely misses the orc knight.
The orc hits you but does no damage.
The orc knight hits you with a +0 dire flail!!
* * * LOW HITPOINT WARNING * * *
The orc barely misses you.
The orc knight hits you with a +1 great sword!!
You die...
Your body rises from the dead as a mindless zombie.

,,,*,,,,*,,*,,,,,#..ZZ.....#,,,,,
,,,*,,,,#.,*,,,,,#)###.###.#,,,,,
,,,*∩,,,#..#,,_,,#.# #.# *,#,,,,∩
...######..#######.###.###.###***
............^.................,,,
#.............Z.[..)[.........,,,
#.#.#.....#..o...#.......##...,**
...............oo.[.##....#*.#**
#..............o@o.)##....###*
**#...Z##.......).[.........##
*.#......#..#................# **
............##...............#**,
.........).##.................*,,
....#..................#......,,,
.#.....#..)...................,,,
.##.#.####..#.................,,,
,,#######...........##...##...,,,


You could see 2 orc knights, an orc warrior (strong), 2 orcs and a friendly orc
warrior zombie.

Vanquished Creatures
  2 orc warlords
  5 hydras
  Harold (D:8)
  3 boulder beetles
  Erica (D:8)
  A centaur warrior (D:13)
  5 death yaks
  A tengu warrior (D:13)
  6 two-headed ogres
  A harpy (shapeshifter) (D:13)
  An orc knight (Orc:2)
  A deep elf pyromancer (D:12)
  A wizard (D:13)
  2 lindwurms (Lair:6)
  A cyclops (D:12)
  A manticore (D:8)
  8 black mambas
  9 elephants
  10 cane toads
  A rime drake (Lair:5)
  2 torpor snails (Lair:6)
  2 kobold demonologists
  8 komodo dragons
  8 trolls
  7 dream sheep
  11 blink frogs
  7 slime creatures
  A redback (shapeshifter) (D:9)
  3 wyverns
  58 yaks
  A basilisk (Lair:5)
  Grum (D:11)
  2 wraiths
  A fire elemental (Lair:6)
  A steam dragon (shapeshifter) (D:13)
  8 vampire mosquitoes
  Edmund (D:6)
  5 wargs
  5 nagas (Lair:2)
  An acid dragon (D:12)
  9 water moccasins
  2 ice beasts
  7 orc warriors
  2 necrophages
  A sky beast (D:8)
  8 centaurs
  4 ogres
  8 wolves
  5 kobold brigands
  13 bullfrogs
  2 gnoll sergeants
  2 scorpions
  2 howler monkeys (D:10)
  6 wights
  A bullfrog zombie (D:6)
  2 centaur zombies
  2 lava snakes (Lair:6)
  Crazy Yiuf (D:4)
  A hound (D:6)
  4 jellies
  7 orc priests
  Jessica (D:2)
  2 iguanas (D:5)
  9 orc wizards
  3 howler monkey zombies
  16 gnolls
  8 adders
  11 white imps
  An adder zombie (D:3)
  3 dart slugs
  37 orcs
  8 ball pythons
  7 endoplasms
  4 giant cockroaches
  15 goblins
  7 hobgoblins
  25 kobolds
  2 quokkas
  4 bats
  2 frilled lizards
  A quokka zombie (D:3)
  2 rats (D:1)
  A bush (Lair:5)
452 creatures vanquished.

Vanquished Creatures (collateral kills)
  A hydra (Lair:2)
  A boulder beetle (Lair:4)
  2 death yaks (Lair:5)
  2 black mambas
  5 elephants
  6 cane toads
  A gargoyle (D:12)
  2 rime drakes (Lair:6)
  7 komodo dragons
  A polar bear (Lair:3)
  2 hornets
  3 blink frogs
  10 dream sheep
  A slime creature (D:12)
  25 yaks
  A vampire mosquito (D:13)
  3 basilisks
  3 wargs (Orc:2)
  A naga (Lair:2)
  4 water moccasins
  6 orc warriors
  A wolf (Lair:1)
  An ogre (Orc:2)
  2 centaurs (Lair:3)
  2 jellies (Lair:5)
  4 white imps (Lair:6)
  6 orcs
  An endoplasm (Lair:5)
  2 bushes (Lair:5)
106 creatures vanquished.

Vanquished Creatures (others)
  A phantasmal warrior (Orc:2)
  4 flying skulls
  A vampire (Orc:2)
  2 wraiths
  2 wights
  A spectral orc (Orc:1)
  4 black mamba zombies
  2 death yak zombies (Lair:5)
  A hornet zombie (Lair:6)
  3 dream sheep zombies
  2 boulder beetle zombies
  2 vampire mosquito zombies (D:13)
  4 blink frog zombies
  4 elephant zombies
  4 komodo dragon zombies
  A two-headed ogre zombie (D:12)
  2 warg zombies (Orc:2)
  4 water moccasin zombies
  4 cane toad zombies
  A rime drake zombie (Lair:6)
  2 basilisk zombies (Lair:5)
  A kobold (D:13)
  2 kobold zombies
  23 yak zombies
  2 centaur zombies
  2 gnoll zombies (D:13)
  A naga zombie (Lair:2)
  7 orc zombies
  65 fungi
  129 plants
283 creatures vanquished.

Grand Total: 841 creatures vanquished

Notes
Turn   | Place    | Note
-------+----------+-------------------------------------------
     0 | D:1      | dolemite99 the Minotaur Brigand began the quest for the
                  | Orb.
     0 | D:1      | Reached XP level 1. HP: 18/18 MP: 0/0
   141 | D:1      | Reached XP level 2. HP: 21/25 MP: 1/1
   933 | D:1      | Reached XP level 3. HP: 27/30 MP: 2/2
  1443 | D:2      | Found Kynyngir's Armour Boutique.
  1533 | D:2      | Found Emillu Teruo's Assorted Antiques.
  1544 | D:2      | Bought a scroll labelled ZAOZ SOC ECACW for 20 gold pieces
  1546 | D:2      | Noticed Jessica
  1554 | D:2      | Killed Jessica
  1555 | D:2      | Reached skill level 5 in Short Blades
  1555 | D:2      | Reached XP level 4. HP: 33/37 MP: 3/3
  1926 | D:3      | Reached XP level 5. HP: 42/42 MP: 4/4
  2217 | D:3      | Identified a scroll of acquirement
  2217 | D:3      | Acquired a manual of Dodging
  2292 | D:3      | Found a runed translucent gate.
  2292 | D:3      | Found a runed translucent gate.
  2292 | D:3      | Found a runed translucent gate.
  2292 | D:3      | Noticed pkoi's ghost (amateur TrMo)
  2294 | D:3      | Found a basalt altar of Yredelemnul.
  2891 | D:3      | Reached XP level 6. HP: 31/50 MP: 5/5
  3111 | D:3      | Found an ornate altar of the Wu Jian Council.
  3111 | D:3      | Found an iron altar of Okawaru.
  3114 | D:3      | Found a bloodstained altar of Trog.
  3115 | D:3      | Found a blossoming altar of Fedhas.
  3404 | D:3      | Became a worshipper of Yredelemnul the Dark
  3620 | D:4      | Found a sacrificial altar of Ru.
  3621 | D:4      | Found a hide-covered altar of Uskayaw.
  4004 | D:4      | Found a snail-covered altar of Cheibriados.
  4023 | D:4      | Found a shimmering altar of Xom.
  4102 | D:4      | Found a runed translucent door.
  4103 | D:4      | Noticed Crazy Yiuf
  4170 | D:4      | Killed Crazy Yiuf
  4270 | D:5      | Entered Level 5 of the Dungeon
  4285 | D:5      | Reached XP level 7. HP: 54/56 MP: 6/6
  4897 | D:5      | Reached skill level 10 in Short Blades
  4909 | D:5      | Found a radiant altar of Vehumet.
  5171 | D:5      | Reached skill level 2 in Dodging
  5273 | D:5      | Found a burning altar of Makhleb.
  5343 | D:5      | Reached skill level 3 in Dodging
  5771 | D:6      | Reached XP level 8. HP: 62/62 MP: 7/7
  5787 | D:6      | Reached skill level 4 in Dodging
  6293 | D:6      | Reached skill level 5 in Dodging
  6456 | D:6      | Reached skill level 6 in Dodging
  6484 | D:6      | Reached skill level 7 in Dodging
  6509 | D:6      | Found a staircase to the Ecumenical Temple.
  6516 | D:6      | Noticed Edmund
  6542 | D:6      | Killed Edmund
  6542 | D:6      | Reached * piety under Yredelemnul
  6543 | D:6      | Reached skill level 8 in Dodging
  7650 | D:7      | Noticed a troll
  7662 | D:7      | Killed a troll
  7663 | D:7      | Reached skill level 10 in Dodging
  8024 | D:7      | Reached skill level 5 in Fighting
  8024 | D:7      | Reached XP level 9. HP: 45/73 MP: 8/8
  8860 | D:7      | Found Pygiyxzu's General Store.
  8863 | D:7      | Bought a scroll of blinking for 97 gold pieces
  8863 | D:7      | Bought a scroll of teleportation for 39 gold pieces
  8863 | D:7      | Bought 2 potions of curing for 78 gold pieces
  8863 | D:7      | Bought a scroll of enchant armour for 97 gold pieces
  8863 | D:7      | Bought 23 arrows for 59 gold pieces
  9044 | D:8      | Noticed a manticore
  9049 | D:8      | Killed a manticore
  9261 | D:8      | Reached skill level 1 in Armour
  9314 | D:8      | Noticed a boulder beetle
  9341 | D:8      | Killed a boulder beetle
  9342 | D:8      | Reached skill level 5 in Throwing
  9572 | D:8      | Noticed Harold
  9624 | D:8      | Killed Harold
  9625 | D:8      | Reached XP level 10. HP: 70/88 MP: 9/9
  9859 | D:8      | Noticed Erica
  9866 | D:8      | Killed Erica
  9956 | D:8      | Reached skill level 1 in Long Blades
 10037 | D:8      | Reached ** piety under Yredelemnul
 10363 | D:8      | Noticed a two-headed ogre
 10388 | D:8      | Killed a two-headed ogre
 10389 | D:8      | Reached skill level 5 in Long Blades
 11068 | D:2      | Bought a +0 kite shield of reflection for 110 gold pieces
 11075 | D:2      | Bought a +0 pair of boots for 58 gold pieces
 11758 | D:9      | Found a staircase to the Orcish Mines.
 11779 | D:9      | Reached skill level 1 in Shields
 12008 | D:9      | Noticed a two-headed ogre
 12025 | D:9      | Killed a two-headed ogre
 12973 | D:10     | Entered Level 10 of the Dungeon
 12988 | D:10     | Reached XP level 11. HP: 95/99 MP: 10/10
 13027 | D:10     | Identified the +2 falchion "Spider's Demise" {flame, Will+}
 13036 | D:10     | Found Jugoesm's Antique Weapon Boutique.
 13661 | D:10     | Found a staircase to the Lair.
 14149 | D:11     | Noticed a six-headed hydra
 14158 | D:11     | Killed a one-headed hydra
 14534 | D:11     | Noticed Grum
 14552 | D:11     | Killed Grum
 15023 | D:11     | Noticed a two-headed ogre
 15034 | D:11     | Killed a two-headed ogre
 15382 | D:11     | Found a hazy altar of Hepliaklqana.
 15424 | D:11     | Identified the +3 halberd of the Mosquito {protect, rN+
                  | Will+}
 15425 | D:11     | Noticed a rakshasa
 15432 | D:11     | Found a transporter.
 15434 | D:11     | Noticed a red ugly thing
 15439 | D:11     | Found a transporter.
 15523 | D:11     | Found a one-way gate to the infinite horrors of the Abyss.
 15704 | D:11     | Noticed a two-headed ogre
 15716 | D:11     | Killed a two-headed ogre
 16018 | Lair:1   | Entered Level 1 of the Lair of Beasts
 16144 | Lair:1   | Reached skill level 5 in Invocations
 16814 | Lair:1   | Reached *** piety under Yredelemnul
 16846 | Lair:1   | Reached XP level 12. HP: 82/106 MP: 16/16
 17538 | Lair:2   | Noticed an eight-headed hydra
 17539 | Lair:2   | Noticed a four-headed hydra
 17593 | Lair:2   | Reached skill level 1 in Evocations
 18296 | Lair:2   | Killed a four-headed hydra
 18424 | Lair:2   | Reached skill level 5 in Evocations
 18640 | Lair:2   | Found a staircase to the Snake Pit.
 18663 | Lair:2   | Killed a seven-headed hydra
 18777 | Lair:2   | Received a gift from Yredelemnul (a wight)
 19436 | Lair:3   | Noticed a boulder beetle
 19450 | Lair:3   | Killed a boulder beetle
 19536 | Lair:3   | Found a staircase to the Shoals.
 20141 | Lair:3   | Reached skill level 5 in Armour
 20288 | Lair:3   | Identified the +9 short sword "Hottifuh" {venom, rElec}
 20967 | Lair:4   | Noticed a four-headed hydra
 20978 | Lair:3   | Killed a one-headed hydra
 20979 | Lair:3   | Reached XP level 13. HP: 88/112 MP: 16/18
 21214 | Lair:4   | Reached **** piety under Yredelemnul
 21741 | Lair:4   | Received a gift from Yredelemnul (2 flying skulls)
 21877 | Lair:4   | Found a hide-covered altar of Uskayaw.
 21877 | Lair:4   | Found an ornate altar of the Wu Jian Council.
 21938 | Lair:4   | Noticed Fiha's ghost (journeyman VSTm)
 22065 | Lair:4   | Found a runed translucent gate.
 22065 | Lair:4   | Found a runed translucent gate.
 22065 | Lair:4   | Found a runed translucent gate.
 22433 | Lair:5   | Identified the +6 glaive of the New World {vorpal, Int+2}
 22453 | Lair:5   | Found a staircase to the Slime Pits.
 22670 | Lair:5   | Reached skill level 10 in Shields
 23013 | Lair:5   | Received a gift from Yredelemnul (a wight)
 23492 | Lair:6   | Entered Level 6 of the Lair of Beasts
 23537 | Lair:6   | Received a gift from Yredelemnul (a wraith)
 23541 | Lair:5   | Reached skill level 11 in Dodging
 23742 | Lair:6   | Reached skill level 12 in Dodging
 23896 | Lair:6   | Reached skill level 13 in Dodging
 24077 | Lair:5   | Reached ***** piety under Yredelemnul
 24291 | Lair:6   | Reached skill level 14 in Dodging
 24531 | Lair:6   | Reached XP level 14. HP: 106/119 MP: 16/19
 24643 | Lair:6   | Reached skill level 10 in Long Blades
 25124 | Lair:6   | Reached skill level 10 in Fighting
 25501 | Lair:6   | Received a gift from Yredelemnul (a vampire)
 25713 | Lair:6   | Reached skill level 10 in Armour
 25914 | Lair:6   | Received a gift from Yredelemnul (a wraith)
 26575 | D:12     | Found a white marble altar of Elyvilon.
 27011 | D:12     | Received a gift from Yredelemnul (a phantasmal warrior)
 27124 | D:12     | You fall into a shaft and drop 2 floors!
 27453 | D:13     | Learned a level 2 spell: Passwall
 27456 | D:13     | Learned a level 2 spell: Wereblood
 27536 | D:13     | Found a shadowy altar of Dithmenos.
 28216 | D:13     | Found a gate to the Vaults.
 28422 | Orc:1    | Entered Level 1 of the Orcish Mines
 28430 | Orc:1    | Received a gift from Yredelemnul (2 flying skulls)
 28496 | Orc:1    | Reached ****** piety under Yredelemnul
 28648 | Orc:1    | Noticed an orc warlord
 28686 | Orc:1    | Killed an orc warlord
 28940 | Orc:1    | Found Axkohe Ramiw's Book Boutique.
 29126 | Orc:2    | Entered Level 2 of the Orcish Mines
 29128 | Orc:2    | Noticed an orc warlord
 29154 | Orc:2    | Killed an orc warlord
 29457 | Orc:2    | Mangled by an orc knight

Illustrated notes

Levels and vault maps discovered:
D:1:      matt_arrival_los_fun, layout_loops_ring, supply_closet_lemuel
D:2:      layout_rooms, serial_shops, shop, shop_statue, uniq_jessica
D:3:      layout_basic, nicolae_yredelemnul_ghost_church, minitemple
D:4:      layout_cave_pools, grunt_temple_overflow_open, jmf_multi_god_temple,
          grunt_ministairs_13, palyth_stone_intersect, minmay_misc_feat_hallway,
          uniq_crazy_yiuf_cottage
D:5:      corexii_shack_village, layout_basic,
          mainiacjoe_overflow_six_doors_small, vehumet_crystals,
          minmay_starry_boxes
D:6:      layout_basic, minmay_temple_entry_mini_moons,
          kennysheep_generic_room_10, uniq_edmund
D:7:      layout_basic, serial_shops, kennysheep_mini
D:8:      layout_gridville, uniq_erica, uniq_harold
D:9:      layout_stronghold, orc_0_dummy, kennysheep_generic_room_5
D:10:     layout_irregular_city, david_lair_shrubbed, serial_shops,
          shop_fountains, kennysheep_another_room, grunt_ministairs_6
D:11:     layout_cave_pods, gammafunk_ghost_abyssal_escape,
          worldfamousw_hep_ancestral_shrine, uniq_grum
D:12:     nooodl_glass_maze, layout_basic, biasface_ghost_orc_armoury,
          minivault_16, elyvilon_altar_5
D:13:     layout_long_grid, david_vaults_4, grunt_dithmenos_smoke_and_mirrors
D:14:     layout_loops_ring, serial_glass, glass_columns_b, glass_columns_a,
          enter_trove_0, kennysheep_path_1
Lair:1:   layout_chaotic_city, gauntlet_entry_generic
Lair:2:   layout_cave_pods, minmay_snake_entry_guardpost_medium,
          grunt_megastairs_2
Lair:3:   layout_loops_ring, minmay_shoals_entry_centaurs,
          nicolae_volcano_entry_lava_flow
Lair:4:   layout_hall_layers, gammafunk_ghost_split,
          nzn_masters_of_martial_movement
Lair:5:   layout_long_grid, nicolae_slime_entry_slimehenge
Lair:6:   hangedman_lair_in_review, layout_gridlike, portal_ice_cave_entry_imps,
          patterned_corridor
Orc:1:    layout_caves, basic_altar, serial_shops, shop
Orc:2:    st_orc_town, layout_caves, basic_altar

Skill      XL: |  1  2  3  4  5  6  7  8  9 10 11 12 13 14 |
---------------+-------------------------------------------+-----
Short Blades   | 3 5 7 8 10 | 10.0
Dodging        | 3 10 14 | 14.6
Fighting       | 5 8 9 11 | 11.0
Armour         | 1 7 9 10 | 10.9
Throwing       | 5 6 |  6.4
Bows           | 4 |  4.0
Long Blades    | 5 8 9 11 | 11.1
Shields        | 6 8 10 12 | 12.2
Invocations    | 7 8 |  8.3
Evocations     | 7 |  7.3
Stealth        | |  3.2

Action                   |  1- 3 |  4- 6 |  7- 9 | 10-12 | 13-15 || total
-------------------------+-------+-------+-------+-------+-------++-------
Melee: Dagger            |    54 |   134 |   313 |    20 |       ||   521
       Headbutt          |     7 |    24 |    52 |   105 |   156 ||   344
       Scimitar          |       |       |       |   416 |   558 ||   974
       Rapier            |       |       |       |       |    20 ||    20
       Falchion          |       |       |       |       |     1 ||     1
 Fire: Shortbow          |       |       |    16 |       |       ||    16
Throw: Dart              |    53 |     1 |     8 |   127 |    80 ||   269
       Stone             |    15 |    49 |    56 |     1 |    26 ||   147
       Javelin           |       |       |       |    13 |    10 ||    23
       Throwing net      |       |       |       |     1 |       ||     1
Invok: Animate Remains   |       |       |       |     6 |       ||     6
       Animate Dead      |       |       |       |    20 |    72 ||    92
       Recall Undead Sla |       |       |       |     1 |     5 ||     6
       Drain Life        |       |       |       |       |     5 ||     5
       Enslave Soul      |       |       |       |       |     1 ||     1
Evoke: Wand              |       |       |    17 |    23 |    31 ||    71
  Use: Scroll            |     2 |     7 |     1 |    15 |    11 ||    36
       Potion            |       |       |     4 |     3 |     3 ||    10
 Stab: Sleeping          |     1 |       |       |       |       ||     1
       Distracted        |       |       |       |     2 |     6 ||     8
       Paralysed         |       |       |       |       |     5 ||     5
       Confused          |       |       |       |       |     2 ||     2
       Invisible         |       |       |       |       |     2 ||     2
Armor: Robe              |     2 |       |       |       |       ||     2
       Scale mail        |     6 |    27 |    40 |       |       ||    73
       Skin              |       |       |    50 |    30 |       ||    80
       Chain mail        |       |       |     4 |   127 |   211 ||   342
Dodge: Dodged            |    22 |    34 |    84 |   151 |   245 ||   536
Block: Kite shield       |       |       |       |   285 |   383 ||   668
       Reflection        |       |       |       |     9 |    16 ||    25
       Rpst.: Scimitar   |       |       |       |    34 |    60 ||    94

Table legend: (Time is in decaauts)
 A = Elapsed time spent in this place.
 B = Non-inter-level travel time spent in this place.
 C = Inter-level travel time spent in this place.
 D = Time resting spent in this place.
 E = Time spent auto-exploring this place.
 F = Levels seen in this place.
 G = Mean time per level.
                   A        B        C        D        E       F      G
               +--------+--------+--------+--------+--------+-----+--------+
         Total |  29207 |  27890 |   1317 |   5156 |  17696 |  22 | 1327.6 |
       Dungeon |  17902 |  16894 |   1008 |   3292 |  11049 |  14 | 1278.7 |
          Lair |  10289 |   9995 |    294 |   1735 |   6056 |   6 | 1714.8 |
  Orcish Mines |   1015 |   1001 |     14 |    129 |    591 |   2 |  507.5 |
               +--------+--------+--------+--------+--------+-----+--------+

Top non-repeatable levels by time:
  Lair:6: 2194 daAuts
     D:8: 1985 daAuts
  Lair:3: 1934 daAuts
  Lair:2: 1866 daAuts
     D:6: 1865 daAuts
    D:10: 1714 daAuts
  Lair:5: 1645 daAuts
     D:3: 1636 daAuts
     D:7: 1579 daAuts
  Lair:1: 1554 daAuts
     D:9: 1494 daAuts
    D:11: 1445 daAuts
     D:5: 1421 daAuts
    D:13: 1205 daAuts
     D:1: 1123 daAuts
